AoeStats
← Gordkach

Migration

508920145Analyzed
1v1 RM · 9d ago on Sep 24, 2026· 33m 9s· 2 players
Game mode
Random Map
Map size
132×132
Population
200
Speed
Normal
Resources
Standard
Victory
Conquest
Starting age
Dark Age
Ending age
Imperial Age
RankedLock teamsTeams togetherTeam positionsShared explorationLock speedFull tech treeHidden civsTurbo modeCheats
Victory
Defeat
🇺🇸 Japanese · United States
503
+16
🇦🇷 Berbers · Argentina
495
-16
Gordkach
0:42 Loom
11:13 Feudal Age
18:32 Double-Bit Axe
18:48 Horse Collar
19:58 Gold Mining
24:32 Castle Age
25:21 Pikeman
26:51 Demolition Ship
29:05 Arson
ThistleKing
12:03 Feudal Age
10:59 Loom
12:59 Double-Bit Axe
13:04 Fishing Lines
22:57 Man-at-Arms
27:30 Castle Age
28:05 Gambesons
27:41 Long Swordsman
28:22 Squires
28:08 Arson
28:51 Forging
28:41 Scale Mail Armor
32:01 Medium Warships
Connection lost

Rejoining the realm…

Still unreachable

The connection could not be restored.

Session expired

The server has moved on; the page needs a fresh start.